[ AOE2 MATCH · #484192860 ]
1v1 RMSicilians vs Celts
Player's team · LOSS
Rival team · WIN
[ REPLAY ANALYSIS · EXTRACTED FROM THE RECORDED GAME ]
Feudal
12:02
Castle
26:17
Imperial
—
| APM avg | 52.2 |
| APM peak | 112 |
| eAPM avg | 21.4 |
| Villagers / military | 71 / 24 |
Focus
⚔️ 16.3% · 🌾 83.7%
Serjeant ×24
Feudal
10:24
Castle
30:53
Imperial
—
| APM avg | 38.4 |
| APM peak | 58 |
| eAPM avg | 17.9 |
| Villagers / military | 51 / 96 |
Focus
⚔️ 24.5% · 🌾 75.5%
Militia ×96
Match map
Initial resources + every placement click. Lines = walls · curves = elevation contours. ◆ gold · ⬟ stone · ● berries · ✦ relic · ◌ wall gap
Your base· Open — unwalled flank
904839921's base· Open — unwalled flank
Smoothed initial terrain · ◌ = detected wall gap · hover for details
Inputs per minute
— Chucky_zk - - 904839921
Build order — Chucky_zk
146 actions detected in the replay
| 0:01 | Create | Villager (Male) |
| 0:01 | Create | Villager (Male) |
| 0:02 | Build | House |
| 0:04 | Build | House |
| 1:07 | Create | Villager (Male) |
| 1:08 | Create | Villager (Male) |
| 1:08 | Create | Villager (Male) |
| 1:27 | Create | Villager (Male) |
| 1:27 | Create | Villager (Male) |
| 2:09 | Create | Villager (Male) |
| 2:09 | Create | Villager (Male) |
| 2:27 | Build | Lumber Camp |
| 2:32 | Create | Villager (Male) |
| 2:32 | Create | Villager (Male) |
| 2:51 | Create | Villager (Male) |
| 2:51 | Create | Villager (Male) |
| 2:55 | Build | House |
| 3:20 | Create | Villager (Male) |
| 3:20 | Create | Villager (Male) |
| 3:48 | Build | Mill |
| 3:56 | Research | Loom |
| 4:47 | Create | Villager (Male) |
| 5:01 | Build | Mill |
| 5:39 | Create | Villager (Male) |
| 5:39 | Create | Villager (Male) |
| 5:39 | Create | Villager (Male) |
| 6:34 | Create | Villager (Male) |
| 6:34 | Create | Villager (Male) |
| 7:04 | Create | Villager (Male) |
| 7:04 | Create | Villager (Male) |
| 7:05 | Create | Villager (Male) |
| 7:05 | Create | Villager (Male) |
| 7:55 | Build | House |
| 8:07 | Build | House |
| 8:11 | Build | House |
| 8:17 | Create | Villager (Male) |
| 8:51 | Create | Villager (Male) |
| 9:18 | Create | Villager (Male) |
| 9:18 | Create | Villager (Male) |
| 9:39 | Research | Feudal Age |
| 10:13 | Create | Villager (Male) |
| 10:13 | Create | Villager (Male) |
| 10:33 | Create | Villager (Male) |
| 10:34 | Create | Villager (Male) |
| 10:56 | Build | Donjon |
| 11:18 | Build | Mining Camp |
| 11:50 | Build | Farm |
| 11:50 | Build | Farm |
| 11:50 | Build | Farm |
| 11:50 | Build | Farm |
| 11:51 | Build | Farm |
| 11:51 | Build | Farm |
| 11:51 | Build | Farm |
| 11:51 | Build | Farm |
| 11:51 | Build | Farm |
| 11:52 | Build | Farm |
| 11:52 | Build | Farm |
| 11:52 | Build | Farm |
| 12:02 | Age | Feudal Age |
| 12:17 | Research | Horse Collar |
| 12:23 | Build | Mining Camp |
| 12:29 | Build | Farm |
| 12:54 | Create | Villager (Male) |
| 12:58 | Build | Farm |
| 13:09 | Create | Villager (Male) |
| 13:09 | Create | Villager (Male) |
| 13:10 | Create | Villager (Male) |
| 13:15 | Create | Serjeant |
| 13:53 | Build | Lumber Camp |
| 13:59 | Create | Villager (Male) |
| 14:27 | Build | Donjon |
| 14:34 | Create | Villager (Male) |
| 14:40 | Build | House |
| 14:52 | Research | Wheelbarrow |
| 14:53 | Create | Villager (Male) |
| 14:55 | Create | Villager (Male) |
| 15:01 | Build | Farm |
| 15:24 | Build | Farm |
| 16:19 | Build | Blacksmith |
| 16:52 | Build | Donjon |
| 16:55 | Create | Villager (Male) |
| 17:44 | Create | Villager (Male) |
| 17:44 | Create | Villager (Male) |
| 17:47 | Create | Serjeant |
| 17:47 | Create | Serjeant |
| 18:10 | Create | Villager (Male) |
| 18:33 | Create | Villager (Male) |
| 18:43 | Create | Villager (Male) |
| 19:01 | Create | Serjeant |
| 19:17 | Research | Stone Mining |
| 20:14 | Build | Farm |
| 20:16 | Create | Villager (Male) |
| 20:16 | Create | Villager (Male) |
| 20:16 | Create | Villager (Male) |
| 20:49 | Build | Market |
| 21:32 | Create | Villager (Male) |
| 21:32 | Create | Villager (Male) |
| 21:32 | Create | Villager (Male) |
| 21:32 | Create | Villager (Male) |
| 22:01 | Build | Farm |
| 22:22 | Build | Farm |
| 22:43 | Create | Villager (Male) |
| 23:17 | Create | Villager (Male) |
| 23:17 | Create | Villager (Male) |
| 23:20 | Research | Castle Age |
| 23:21 | Create | Villager (Male) |
| 23:21 | Create | Villager (Male) |
| 23:48 | Create | Serjeant |
| 23:48 | Create | Serjeant |
| 23:49 | Create | Serjeant |
| 23:49 | Create | Serjeant |
| 24:13 | Create | Serjeant |
| 24:14 | Create | Serjeant |
| 24:50 | Build | Lumber Camp |
| 25:10 | Build | Donjon |
| 25:40 | Build | Mining Camp |
| 25:57 | Build | House |
| 26:17 | Age | Castle Age |
| 26:29 | Research | Forging |
| 26:29 | Research | Scale Mail Armor |
| 26:30 | Research | Fletching |
| 26:39 | Research | Stone Shaft Mining |
| 26:45 | Create | Serjeant |
| 26:45 | Create | Serjeant |
| 26:45 | Create | Serjeant |
| 27:35 | Create | Villager (Male) |
| 27:35 | Create | Villager (Male) |
| 27:36 | Create | Villager (Male) |
| 28:54 | Create | Serjeant |
| 28:55 | Create | Serjeant |
| 28:55 | Create | Serjeant ×4 |
| 28:55 | Create | Serjeant ×3 |
| 28:55 | Create | Serjeant ×2 |
| 30:11 | Create | Villager (Male) |
| 30:11 | Create | Villager (Male) |
| 30:11 | Create | Villager (Male) |
| 30:11 | Create | Villager (Male) |
| 30:12 | Create | Villager (Male) |
| 30:14 | Build | House |
| 30:45 | Build | House |
| 30:47 | Build | Farm |
| 30:47 | Build | Farm |
| 30:49 | Create | Villager (Male) |
| 30:49 | Create | Villager (Male) |
| 32:05 | Create | Villager (Male) |
| 32:05 | Create | Villager (Male) |
Build order — 904839921
First 150 of 190 actions detected
| 0:04 | Build | House |
| 0:04 | Create | Villager (Male) |
| 0:05 | Create | Villager (Male) |
| 0:05 | Create | Villager (Male) |
| 0:05 | Create | Villager (Male) |
| 0:05 | Create | Villager (Male) |
| 0:09 | Build | House |
| 0:59 | Build | Mill |
| 1:51 | Create | Villager (Male) |
| 2:21 | Create | Villager (Male) |
| 2:47 | Create | Villager (Male) |
| 3:34 | Create | Villager (Male) |
| 3:51 | Create | Villager (Male) |
| 3:51 | Create | Villager (Male) |
| 4:19 | Build | Lumber Camp |
| 4:29 | Create | Villager (Male) |
| 4:29 | Create | Villager (Male) |
| 4:32 | Build | House |
| 4:51 | Create | Villager (Male) |
| 5:24 | Create | Villager (Male) |
| 5:24 | Create | Villager (Male) |
| 5:24 | Create | Villager (Male) |
| 5:55 | Create | Villager (Male) |
| 6:36 | Build | Mill |
| 6:38 | Create | Villager (Male) |
| 6:39 | Create | Villager (Male) |
| 7:23 | Build | House |
| 7:48 | Research | Loom |
| 7:51 | Research | Feudal Age |
| 7:51 | Research | Feudal Age |
| 7:57 | Build | Farm |
| 8:44 | Build | Mining Camp |
| 9:19 | Build | House |
| 10:01 | Build | Barracks |
| 10:08 | Create | Villager (Male) |
| 10:08 | Create | Villager (Male) |
| 10:24 | Age | Feudal Age |
| 10:36 | Research | Double-Bit Axe |
| 10:39 | Create | Villager (Male) |
| 10:43 | Research | Horse Collar |
| 11:02 | Build | Barracks |
| 11:16 | Build | Farm |
| 11:31 | Create | Villager (Male) |
| 11:41 | Build | Farm |
| 12:06 | Create | Militia |
| 12:06 | Create | Militia |
| 12:14 | Build | Farm |
| 12:16 | Create | Villager (Male) |
| 12:17 | Create | Villager (Male) |
| 12:22 | Research | Man-at-Arms (upgrade) |
| 12:28 | Build | Farm |
| 12:49 | Build | Farm |
| 12:59 | Build | House |
| 13:12 | Create | Militia |
| 13:15 | Build | House |
| 13:21 | Build | Farm |
| 13:23 | Create | Villager (Male) |
| 13:23 | Create | Villager (Male) |
| 13:33 | Create | Militia |
| 13:45 | Create | Militia |
| 14:07 | Build | Lumber Camp |
| 14:20 | Create | Villager (Male) |
| 14:20 | Create | Villager (Male) |
| 14:31 | Create | Militia |
| 14:41 | Build | House |
| 14:45 | Build | House |
| 14:56 | Create | Militia |
| 15:06 | Build | Blacksmith |
| 15:10 | Create | Militia |
| 15:11 | Create | Militia |
| 15:28 | Build | Farm |
| 15:34 | Build | Farm |
| 15:35 | Create | Villager (Male) |
| 15:36 | Create | Villager (Male) |
| 15:48 | Research | Forging |
| 16:51 | Create | Villager (Male) |
| 16:52 | Create | Villager (Male) |
| 16:52 | Create | Villager (Male) |
| 16:53 | Create | Villager (Male) |
| 16:53 | Create | Villager (Male) |
| 17:33 | Create | Militia |
| 17:33 | Create | Militia |
| 17:40 | Build | Farm |
| 17:43 | Build | Farm |
| 17:45 | Build | Farm |
| 17:47 | Build | Farm |
| 17:49 | Build | Farm |
| 17:52 | Create | Militia |
| 17:58 | Build | Barracks |
| 18:06 | Build | Lumber Camp |
| 18:17 | Build | Farm |
| 18:20 | Create | Militia |
| 18:25 | Research | Scale Mail Armor |
| 18:44 | Build | Farm |
| 18:47 | Build | House |
| 19:12 | Build | Farm |
| 19:15 | Build | Farm |
| 19:26 | Create | Militia |
| 19:27 | Create | Militia |
| 19:27 | Create | Militia |
| 19:28 | Create | Militia |
| 20:06 | Build | Barracks |
| 20:15 | Create | Villager (Male) |
| 20:15 | Create | Villager (Male) |
| 20:15 | Create | Villager (Male) |
| 20:17 | Build | Farm |
| 20:21 | Create | Villager (Male) |
| 20:27 | Create | Militia |
| 20:27 | Create | Militia |
| 20:36 | Build | House |
| 20:36 | Build | House |
| 20:38 | Build | House |
| 20:44 | Build | House |
| 20:45 | Build | House |
| 20:46 | Create | Militia |
| 20:46 | Create | Militia |
| 20:46 | Create | Militia |
| 22:00 | Create | Militia |
| 22:00 | Create | Militia |
| 22:02 | Create | Militia |
| 22:06 | Build | House |
| 22:06 | Build | House |
| 22:08 | Build | House |
| 22:39 | Create | Militia ×5 |
| 22:42 | Build | Mining Camp |
| 22:54 | Create | Villager (Male) |
| 22:54 | Create | Villager (Male) |
| 22:54 | Create | Villager (Male) |
| 22:57 | Build | Farm |
| 22:59 | Build | Farm |
| 23:00 | Build | Farm |
| 23:03 | Build | Farm |
| 23:04 | Create | Villager (Male) |
| 23:05 | Create | Villager (Male) |
| 23:12 | Build | Barracks |
| 23:23 | Create | Militia ×5 |
| 23:33 | Build | House |
| 23:34 | Build | House |
| 23:35 | Build | House |
| 23:35 | Build | House |
| 23:42 | Build | Farm |
| 23:53 | Create | Militia ×3 |
| 24:02 | Create | Militia |
| 25:11 | Build | Farm |
| 25:13 | Build | Farm |
| 25:15 | Build | Farm |
| 25:17 | Build | Farm |
| 25:50 | Build | Mining Camp |
| 26:06 | Build | Stable |
| 26:08 | Create | Villager (Male) |
Match timeline
| 10:01 | 904839921 · first_building Barracks |
| 10:24 | 904839921 · age_up feudal |
| 10:56 | Chucky_zk · first_building Donjon |
| 12:02 | Chucky_zk · age_up feudal |
| 26:06 | 904839921 · first_building Stable |
| 26:17 | Chucky_zk · age_up castle |
| 30:53 | 904839921 · age_up castle |
| 31:56 | 904839921 · wall_segment Stone Wall x1 |
| 32:44 | 904839921 · first_market_sell 500 wood |
| 32:47 | 904839921 · first_market_buy 100 food |
| 33:59 | Chucky_zk · resign |
[ AI ANALYSIS · 1 CREDIT ]
What really happened in this match?
Wolo.gg analyzes every decision: build order, eco, micro, common mistakes by bracket. Personalized analysis on WhatsApp or Discord in 30 seconds.
Civ guide
Sicilians
Map guide
MegaRandom
Perfil
Chucky_zk